 Dungeon Crawl Stone Soup version 0.23.0-3-gf3c87f2 (webtiles) character file.

Game seed: 13481013326628342248

132 Scud the Slinger (level 5, -9/35 HPs)
             Began as a Halfling Hunter on Feb 23, 2019.
             Mangled by a hornet (13 damage)
             ... on level 4 of the Dungeon.
             The game lasted 00:09:14 (2099 turns).

Scud the Slinger (Halfling Hunter)                  Turns: 2099, Time: 00:09:15

Health: -9/35      AC:  3    Str: 13    XL:     5   Next: 38%
Magic:  5/5        EV: 14    Int: 14    God:
Gold:   113        SH:  3    Dex: 16    Spells: 4/4 levels left

rFire    . . .     SeeInvis .   a - +1 hunting sling
rCold    . . .     Gourm    .   (shield restricted)
rNeg     + . .     Faith    .   c - +0 leather armour
rPois    .         Spirit   .   (no helmet)
rElec    .         Reflect  +   (no cloak)
rCorr    .         Harm     .   (no gloves)
MR       .....                  (no boots)
Stlth    ++........             r - +3 amulet of reflection
HPRegen  0.11/turn              s - ring of positive energy
MPRegen  0.09/turn              (no ring)

@: brilliant, lethally poisoned (-9 -> -19), very slightly contaminated, slowed,
very slow
A: small, mutation resistance 1
a: no special abilities


You were on level 4 of the Dungeon.
You were not hungry.

You visited 1 branch of the dungeon, and saw 4 of its levels.

You collected 113 gold pieces.

Inventory:

Hand Weapons
 a - a +1 hunting sling (weapon)
 b - a +0 short sword
Missiles
 d - 49 sling bullets (quivered)
 e - 111 stones
Armour
 c - a +0 leather armour (worn)
Jewellery
 r - a +3 amulet of reflection (around neck)
 s - a ring of positive energy (left hand)
Scrolls
 h - 3 scrolls of magic mapping
 l - 3 scrolls of identify
Potions
 i - 5 potions of curing
Comestibles
 f - 7 rations


   Skills:
 + Level 2.5 Fighting
 * Level 8.5 Slings
 + Level 0.4 Armour
 + Level 2.2 Dodging
 + Level 1.1 Stealth


You had 4 spell levels left.
You didn't know any spells.
Your spell library was empty.

Dungeon Overview and Level Annotations

Branches:
Dungeon (4/15)
 Temple: D:4-7

Altars:
Gozag


Innate Abilities, Weirdness & Mutations

You are small and have problems with some larger weapons.
You are somewhat resistant to further mutation.


Message History

You shoot a sling bullet.
The sling bullet hits the hornet but does no damage.
The hornet is heavily wounded.
* * * LOW HITPOINT WARNING * * *
You feel sick. The hornet closely misses you.
Firing (i - inventory. (/) - cycle)
d - 51 sling bullets (quivered)
Press: ? - help, Shift-Dir - straight line, f/p - hornet
Aim: a hornet (heavily wounded)
You shoot a sling bullet.
The sling bullet closely misses the hornet.
* * * LOW HITPOINT WARNING * * *
You feel sick. The hornet barely misses you. The hornet closely misses you.
Firing (i - inventory. (/) - cycle)
d - 50 sling bullets (quivered)
Press: ? - help, Shift-Dir - straight line, f/p - hornet
Aim: a hornet (heavily wounded)
You shoot a sling bullet.
The sling bullet barely misses the hornet.
* * * LOW HITPOINT WARNING * * *
You feel sick. The hornet stings you!
You die...

.. #.. #... #. ....
#..##..# . .....
###......# . .
#....##(###...## .##..
#. #....(((....###.....
###.###...............#
#.....##......(.†....##
.8...8.#.......y.<....#
.......#........@....##
..._.................#
.......###........(..#
.8...8.# #...........#
#.....##...............
###.#####.........#..###
... ##.......##...# ##..
##.......#...# #..
....#....


You could see a hornet.

Vanquished Creatures
  Jessica (D:3)
  Robin (D:2)
  An adder (D:3)
  An ooze (D:2)
  A worm (D:2)
  3 dart slugs
  A leopard gecko (D:3)
  An orc (D:3)
  A ball python (D:2)
  11 bats
  4 giant cockroaches
  10 goblins
  9 hobgoblins
  6 jackals
  3 frilled lizards
  7 kobolds
  A quokka skeleton (D:4)
  5 rats
67 creatures vanquished.

Notes
Turn   | Place    | Note
-------+----------+-------------------------------------------
     0 | D:1      | Scud the Halfling Hunter began the quest for the Orb.
     0 | D:1      | Reached XP level 1. HP: 14/14 MP: 1/1
    38 | D:1      | Reached skill level 6 in Slings
   113 | D:1      | Reached XP level 2. HP: 19/19 MP: 2/2
   701 | D:2      | Reached XP level 3. HP: 24/24 MP: 3/3
   887 | D:2      | Reached skill level 7 in Slings
   901 | D:2      | Noticed Robin
   911 | D:2      | Killed Robin
   929 | D:2      | Reached XP level 4. HP: 29/29 MP: 4/4
  1680 | D:3      | Reached skill level 8 in Slings
  1802 | D:3      | Noticed Jessica
  1811 | D:3      | Killed Jessica
  1811 | D:3      | Reached XP level 5. HP: 35/35 MP: 5/5
  2067 | D:4      | Found an opulent altar of Gozag.
  2084 | D:4      | Noticed a hornet
  2092 | D:4      | Paralysed by a hornet for 3 turns
  2099 | D:4      | Mangled by a hornet

Skill      XL: |  1  2  3  4 |
---------------+-------------+-----
Slings         | 6 7 8 |  8.5
Fighting       | 2 |  2.5
Armour         | |  0.4
Dodging        | |  2.2
Stealth        | |  1.1

Action                   |  1- 3 |  4- 6 || total
-------------------------+-------+-------++-------
 Fire: Hunting sling     |    92 |   112 ||   204
  Use: Scroll            |       |     6 ||     6
       Potion            |       |     4 ||     4
  Eat: Ration            |       |     1 ||     1
Armor: Leather armour    |     5 |     8 ||    13
Dodge: Dodged            |    14 |    23 ||    37
